Map: Incorporeal LE

Players

LigerMaNN - Winner!

  • Race: Zerg Zerg
  • League: Diamond
  • Spawn Location: 11:00

Chepo

  • Race: Zerg Zerg
  • League: Diamond
  • Spawn Location: 5:00

VOD

Have the link to the VOD?

Description

Time

  • Played on: June 4, 2025, 1:12 a.m.
  • Length: 9:11
Show
View Real Time Build Order
Export as new Build Order

LigerMaNN Zerg - Winner!

Build Orders: Pool First 

Get SALT Encoding   

  12  0:20  Spawning Pool  
  11  0:21  Drone  
  11  0:26  Drone  
  13  0:30  Drone  
  14  0:40  Overlord  
  14  1:00  Drone  
  15  1:07  Zergling x4  
  17  1:16  Zergling x2  
  18  1:19  Hatchery  
  17  1:26  Zergling x2  
  17  1:31  Queen  
  20  1:37  Zergling x2  
  21  1:47  Overlord  
  21  2:03  Drone  
  22  2:09  Queen  
  22  2:15  Drone  
  23  2:47  Drone x7  
  30  2:53  Overlord x2  
  30  3:02  Drone  
  31  3:06  Drone  
  32  3:13  Drone  
  32  3:18  Overlord  
  33  3:23  Drone, Extractor  
  33  3:24  Drone x5  
  33  3:25  Extractor  
  37  3:29  Drone  
  37  3:30  Drone  
  39  3:35  Evolution Chamber  
  39  3:37  Evolution Chamber  
  37  3:43  Drone x2, Roach Warren  
  38  3:50  Drone  
  38  3:51  Drone x3  
  38  3:52  Drone  
  38  3:54  Drone  
  41  4:08  Lair  
  41  4:15  Drone x3  
  41  4:16  Drone, Extractor  
  44  4:17  Overlord  
  44  4:20  Spine Crawler  
  43  4:26  Overlord x2  
  43  4:33  Drone x2  
  43  4:36  Roach  
  43  4:37  Roach x2  
  51  4:39  Roach  
  53  4:49  Queen  
  55  4:55  Roach x3  
  55  4:56  Roach  
  63  5:00  Zerg Missile Weapons Level 1  
  63  5:09  Glial Reconstitution  
  63  5:15  Overseer  
  63  5:29  Roach  
  63  5:30  Roach x3  
  63  5:31  Zergling x10  
  76  5:40  Metabolic Boost  
  76  5:41  Overlord x3  
  76  6:17  Drone x9  
  85  6:23  Roach  
  87  6:26  Roach  
  89  6:34  Overlord  
  89  6:50  Roach  
  89  6:51  Hatchery, Roach  
  89  6:52  Overseer  
  92  6:59  Drone x3  
  92  7:00  Extractor  
  94  7:10  Roach x3  
  94  7:12  Overlord x2  
  95  7:37  Roach  
  95  7:38  Roach x7  
  95  7:44  Queen  
  107  8:00  Roach x4  
  107  8:05  Ravager  
  108  8:07  Ravager  
  108  8:10  Roach x3  
  102  8:23  Roach x7  
  102  8:25  Overlord  
  107  8:43  Roach  
  107  8:44  Roach x10  
  107  8:46  Overlord  
Show
View Real Time Build Order
Export as new Build Order

Chepo Zerg 

Build Orders: Hatch First 

Get SALT Encoding   

  12  0:00  Drone  
  14  0:14  Drone  
  14  0:17  Overlord  
  14  0:23  Extractor  
  14  0:24  Drone  
  15  0:36  Drone x2  
  17  0:47  Drone  
  18  0:58  Drone  
  18  0:59  Hatchery  
  18  1:00  Extractor  
  17  1:12  Spawning Pool  
  17  1:15  Drone  
  17  1:20  Drone  
  18  1:29  Drone  
  19  1:45  Overlord  
  19  1:55  Drone  
  19  2:01  Queen  
  22  2:03  Zergling x2  
  22  2:07  Spine Crawler  
  22  2:13  Spine Crawler  
  22  2:15  Zergling x2  
  22  2:24  Zergling x2  
  21  2:49  Zergling x4  
  21  2:54  Baneling Nest  
  21  2:57  Queen  
  22  2:58  Drone  
  24  3:12  Drone  
  24  3:20  Metabolic Boost  
  24  3:28  Drone x4  
  28  3:38  Baneling x3  
  28  3:40  Overlord  
  27  4:17  Hatchery  
  26  4:28  Drone x8  
  34  4:36  Extractor, Queen  
  34  4:46  Drone  
  35  4:59  Hatchery  
  34  5:07  Drone x2  
  36  5:22  Drone  
  36  5:25  Overlord  
  37  5:32  Drone x2, Queen  
  41  5:45  Lair  
  41  5:47  Drone x5  
  46  6:01  Drone x3  
  49  6:16  Evolution Chamber  
  49  6:17  Evolution Chamber  
  47  6:18  Roach Warren  
  47  6:22  Zergling x12  
  47  6:23  Zergling x2  
  53  6:33  Zergling x6  
  53  6:34  Extractor x2, Queen  
  56  6:57  Drone  
  56  6:59  Overlord x8  
  57  7:10  Hydralisk Den  
  56  7:16  Drone  
  56  7:21  Roach  
  56  7:22  Roach x4  
  65  7:26  Roach  
  65  7:27  Roach  
  69  7:36  Roach x3  
  60  7:44  Roach  
  60  7:45  Roach x3  
  68  7:52  Roach x3  
  74  7:59  Roach  
  74  8:02  Zergling x2  
  77  8:08  Zergling x6  
  70  8:15  Zergling x4  
  68  8:23  Zergling x2  
  68  8:27  Zergling x2  
  63  8:33  Zergling x2  
  49  8:34  Queen  
  49  8:35  Hydralisk  
  49  8:38  Hydralisk x3  
Tags
 
Add a new tag
Caveats
  • Supply blocks, unpowered buildings, or Contaminate may cause inaccurate times.
  • Supply counts are checked every 10 seconds.